AoeStats
← StarKiller

Oasis

510224934Analyzed
2v2 RM · 15h ago on Sep 30, 2026· 51m 38s· 4 players
Game mode
Random Map
Map size
Medium (4 player)
Population
200
Speed
Normal
Resources
Standard
Victory
Conquest
Starting age
Dark Age
Ending age
Imperial Age
RankedLock teamsTeams togetherTeam positionsShared explorationLock speedFull tech treeHidden civsTurbo modeCheats
Victory
Defeat
🇨🇴 Italians · Colombia
825
+12
🇺🇸 Turks · United States
640
+19
🇵🇪 Persians · Peru
733
-16
🇨🇴 Dravidians · Colombia
714
-15
StarKiller
0:42 Loom
10:01 Feudal Age
11:46 Double-Bit Axe
14:24 Horse Collar
18:42 Wheelbarrow
22:09 Castle Age
20:44 Fletching
20:54 Padded Archer Armor
22:42 Town Watch
22:34 Crossbowman
23:59 Bodkin Arrow
24:20 Leather Archer Armor
24:27 Stone Mining
25:51 Thumb Ring
28:41 Gold Mining
34:37 Imperial Age
32:54 Bow Saw
34:32 Heavy Plow
34:55 Ballistics
36:08 Chemistry
35:43 Ring Archer Armor
35:37 Hand Cart
36:41 Kamandaran
39:33 Conscription
39:40 Pikeman
41:06 Forging
40:57 Scale Mail Armor
41:02 Scale Barding Armor
43:31 Two-Man Saw
44:07 Halberdier
45:27 Iron Casting
45:09 Chain Mail Armor
47:29 Squires
47:17 Gambesons
47:18 Arson
49:52 Plate Mail Armor
50:23 Blast Furnace
V1perDouTemu
1:12 Loom
11:49 Feudal Age
13:30 Double-Bit Axe
23:04 Castle Age
21:06 Stone Mining
22:01 Gold Mining
24:17 Bow Saw
23:52 Horse Collar
27:31 Forging
35:28 Husbandry
39:13 Imperial Age
36:46 Pikeman
38:54 Light Cavalry
41:29 Two-Man Saw
dfos17
9:46 Feudal Age
10:33 Feudal Age
10:08 Loom
11:14 Double-Bit Axe
11:12 Horse Collar
16:16 Gold Mining
19:00 Forging
20:56 Castle Age
19:37 Wheelbarrow
19:15 Forging
20:09 Fletching
22:09 Bow Saw
22:05 Heavy Plow
21:59 Gold Mining
22:03 Stone Mining
21:53 Man-at-Arms
29:45 Imperial Age
29:29 Stone Shaft Mining
30:08 Iron Casting
29:29 Bodkin Arrow
30:04 Hand Cart
30:23 Ballistics
31:34 Two-Man Saw
31:37 Town Watch
32:45 Crop Rotation
33:56 Chemistry
37:24 Town Patrol
38:42 Blast Furnace
37:42 Bracer
37:43 Pikeman
40:00 Squires
40:05 Padded Archer Armor
40:05 Scale Mail Armor
40:18 Elite Genoese Crossbowman
minhtr3
10:04 Feudal Age
12:27 Double-Bit Axe
12:27 Horse Collar
21:21 Castle Age
20:00 Wheelbarrow
21:26 Castle Age
23:14 Bloodlines
24:37 Hand Cart
27:19 Loom
31:03 Husbandry
32:50 Bow Saw
42:44 Imperial Age
40:21 Caravan
42:51 Cavalier
43:43 Heavy Camel Rider
46:43 Thumb Ring
47:44 Scale Barding Armor
Connection lost

Rejoining the realm…

Still unreachable

The connection could not be restored.

Session expired

The server has moved on; the page needs a fresh start.